 Dungeon Crawl Stone Soup version 0.27-a0-965-gbf8bb431c4 (webtiles) character file.

Game seed: 14701197432837136761

30 Anon1729 the Insei (level 3, -2/27 HPs)
             Began as a Djinni Transmuter on Apr 12, 2021.
             Slain by a kobold
             ... wielding a +0 short sword
              (4 damage)
             ... on level 2 of the Dungeon.
             The game lasted 00:02:07 (1493 turns).

Anon1729 the Insei (Djinni Transmuter)              Turns: 1493, Time: 00:02:07

Health: -2/27      AC:  2    Str:  9    XL:     3   Next: 20%
Gold:   33         EV: 12    Int: 15    God:
                   SH:  0    Dex: 13

rFire    + + .     SeeInvis .     - Unarmed
rCold    x . .     Faith    +   (no shield)
rNeg     . . .     Spirit   .   a - +0 robe
rPois    ∞         Reflect  .   (helmet currently unavailable)
rElec    .         Harm     .   (no cloak)
rCorr    .         Rampage  .   (no gloves)
Will     .....                  (boots unavailable)
Stlth    +.........             b - amulet of faith
HPRegen  0.09/turn              (no ring)
MPRegen  0.00/turn              (no ring)

@: appendages (expiring), wereblooded, attractive, flying
A: horns 2, flying, fire resistance 2, cold vulnerability 1, float, innate
caster, hp casting, extra vitality 1
a: End Transformation


You were on level 2 of the Dungeon.
You had temporarily grown beastly horns.
You visited 1 branch of the dungeon, and saw 2 of its levels.

You collected 33 gold pieces.

Inventory:

Armour
 a - a +0 robe (worn)
 e - a +1 hat (melded)
Jewellery
 b - an amulet of faith (around neck)
Scrolls
 c - 2 scrolls of noise {unknown}
 d - 2 scrolls of enchant weapon {unknown}
 j - a scroll of holy word {unknown}
Potions
 f - a potion of attraction
 g - a potion of magic {unknown}
 h - a potion of haste {unknown}
 i - a potion of brilliance {unknown}


   Skills:
 + Level 1.5 Fighting
 + Level 2.6 Dodging
 + Level 3.2 Unarmed Combat
 * Level 2.3 Spellcasting


You couldn't memorise any spells.
You knew the following spells:

 Your Spells              Type           Power      Damage    Failure   Level
a - Beastly Appendage     Tmut           16%        N/A       9%          1
b - Wereblood             Tmut           8%         N/A       12%         2
c - Spider Form           Tmut/Pois      4%         N/A       24%         3
d - Ice Form              Ice/Tmut       8%         N/A       63%         4
e - Hydra Form            Tmut           4%         N/A       92%         5
f - Corona                Hex            8%         N/A       9%          1
Your spell library was empty.

Dungeon Overview and Level Annotations

Branches:
Dungeon (2/15)

Altars:


Innate Abilities, Weirdness & Mutations

You have temporarily grown beastly horns.
You are flying.
You are immune to poison.
Your flesh is very heat resistant. (rF++)
You are vulnerable to cold. (rC-)
You float through the air rather than walking.
You learn spells naturally, not from books.
Your magical power is your life essence.
You have superior vitality. (+4 HP)


Message History

You hit the endoplasm.
The endoplasm is severely wounded.
The endoplasm barely misses you.
You hit the endoplasm.
You kill the endoplasm!
You hit the kobold but do no damage. The kobold hits you but does no damage.
You closely miss the kobold. The kobold misses you.
Your horns disappear.
Your +1 hat unmelds from your body.
Casting: Beastly Appendage (safe; 9% risk of failure)
Confirm with . or Enter, or press ? or * to list all spells.
You grow a pair of large bovine horns.
Your +1 hat melds into your body.
The kobold completely misses you.
Casting: Beastly Appendage (safe; 9% risk of failure)
Confirm with . or Enter, or press ? or * to list all spells.
Your blood is infused with primal strength.
The kobold hits you with a +0 short sword.
* * * LOW HITPOINT WARNING * * *
Unknown command.
There is a stone staircase leading up here.
Casting: Wereblood (safe; 12% risk of failure)
Confirm with . or Enter, or press ? or * to list all spells.
Aiming: Corona (safe; 9% risk of failure)
Press: ? - help, Shift-Dir - straight line, f - kobold
Aim: a kobold, wielding a +0 short sword and wearing a +0 plate armour (chance to affect: 61%)
The kobold is outlined in light.
* * * LOW HITPOINT WARNING * * *
The kobold hits you with a +0 short sword.
* * * LOW HITPOINT WARNING * * *
You aren't carrying any items that you can evoke.
It was a potion of attraction.
You feel attractive to monsters. The kobold closely misses you.
You hit the kobold but do no damage. The kobold hits you but does no damage.
You barely miss the kobold.
Your transformation is almost over.
The kobold closely misses you.
You hit the kobold but do no damage.
The kobold hits you with a +0 short sword.
You die...

.#######.### #.#
#.... ###...#####.#
#.... #..<......#.#
#.... #.#######.#.#
#..#. #.# #...#
#######..# #.#
#.### #........#
#.# #=.# #.#####.##
#.# #..# #.# #..(
#.# #.@# #.# #####
#.#######.K# #.#
#..........# #.#
##########.######.#
#.##.....#
#.##.##### #....#
######


You could see a kobold (corona).

Vanquished Creatures
  2 dart slugs
  A ball python (D:1)
  3 endoplasms
  A giant cockroach (D:1)
  6 goblins (D:1)
  2 hobgoblins (D:1)
  3 bats
  2 frilled lizards (D:1)
  2 kobolds (D:1)
  2 rats
24 creatures vanquished.

Notes
Turn   | Place    | Note
-------+----------+-------------------------------------------
     0 | D:1      | Anon1729 the Djinni Transmuter began the quest for the Orb.
     0 | D:1      | Reached XP level 1. HP: 17/17 MP: 0/0
   244 | D:1      | Reached XP level 2. HP: 18/22 MP: 0/0
  1096 | D:1      | Reached XP level 3. HP: 27/27 MP: 0/0
  1096 | D:1      | Learned a level 1 spell: Corona
  1493 | D:2      | Slain by a kobold

Illustrated notes

Levels and vault maps discovered:
D:1:      tarquinn_simple_flora_water_a, layout_basic, dk_noncrumbling_2,
          chequers_serial_rivers_small_b, chequers_decorated_corner,
          minmay_pentomino_w2
D:2:      layout_loops_ring, chequers_ecumenical_altar_island, uniq_terence

Skill      XL: |  1 |
---------------+----+-----
Spellcasting   | 2 |  2.3
Fighting       | |  1.5
Dodging        | |  2.6
Unarmed Combat | |  3.2

Action                   || total
-------------------------++-------
Melee: Unarmed           ||    85
       Headbutt          ||     4
       Punch             ||     1
 Cast: Beastly Appendage ||    11
       Corona            ||     1
       Wereblood         ||     1
  Use: Potion            ||     1
Armor: Robe              ||     9
Dodge: Dodged            ||    38

Table legend: (Time is in decaauts)
 A = Elapsed time spent in this place.
 B = Non-inter-level travel time spent in this place.
 C = Inter-level travel time spent in this place.
 D = Time resting spent in this place.
 E = Time spent auto-exploring this place.
 F = Levels seen in this place.
 G = Mean time per level.
                   A        B        C        D        E       F      G
               +--------+--------+--------+--------+--------+-----+--------+
         Total |   1488 |   1438 |     50 |     10 |   1196 |   2 |  744.0 |
       Dungeon |   1488 |   1438 |     50 |     10 |   1196 |   2 |  744.0 |
               +--------+--------+--------+--------+--------+-----+--------+

Top non-repeatable levels by time:
     D:1: 1354 daAuts
     D:2: 134 daAuts
